[Event "Marienbad Open-A1 2019"]
[Site "Marianske Lazne"]
[Date "2019.01.20"]
[Round "2"]
[White "Gumularz, Szymon"]
[Black "Chernyshov, Konstantin"]
[Result "1/2-1/2"]
[ECO "B12"]
[WhiteElo "2475"]
[BlackElo "2500"]
[Annotator "ChessBase"]
[PlyCount "92"]
[EventDate "2019.01.17"]
[EventType "tourn"]
[EventCountry "CZE"]
[SourceTitle "playchess.com"]
[Source "ChessBase"]
[SourceQuality "1"]
[TimeControl "40/5400+30:1800+30"]

1. e4 c6 2. d4 d5 3. e5 g6 4. c4 Bg7 5. Nc3 Nh6 6. Nf3 O-O 7. h3 Na6 8. cxd5 cxd5 9. Bf4 Kh8 10. Qd2 Ng8 11. Be2 Nc7 12. O-O Ne6 13. Be3 b6 14. Rac1 Bb7 15. Nh2 f6 16. f4 Nh6 17. g4 Nf7 18. Nf3 fxe5 19. fxe5 Qd7 20. Rf2 Nfd8 21. Rcf1 Nc6 22. Ng5 Rxf2 23. Rxf2 Nxg5 24. Bxg5 Rf8 25. Rxf8+ Bxf8 26. Bf3 e6 27. Bf6+ Kg8 28. Kg2 Ba6 29. h4 Ne7 30. Qg5 Qc7 31. Bd1 Bd3 32. Qe3 Ba6 33. Kg3 Qc4 34. Be2 Qc8 35. Bd1 Qc4 36. Be2 Qc8 37. Bf3 Qc4 38. h5 Qf1 39. Bg2 Qd3 40. Qxd3 Bxd3 41. hxg6 hxg6 42. Kf4 Kf7 43. Bf3 Bc4 44. b3 Ba6 45. Bxe7 Bxe7 46. Be2 Bb4 {Ke4} 1/2-1/2

[Event "Marienbad Open-A1 2019"]
[Site "Marianske Lazne"]
[Date "2019.01.20"]
[Round "2"]
[White "Rakesh Kumar Jena"]
[Black "Oboladze, Luka"]
[Result "0-1"]
[ECO "A45"]
[WhiteElo "2426"]
[BlackElo "2295"]
[Annotator "ChessBase"]
[PlyCount "76"]
[EventDate "2019.01.17"]
[EventType "tourn"]
[EventCountry "CZE"]
[SourceTitle "playchess.com"]
[Source "ChessBase"]
[SourceQuality "1"]
[TimeControl "40/5400+30:1800+30"]

1. d4 Nf6 2. Bf4 c5 3. e3 b6 4. Nf3 Bb7 5. Nbd2 g6 6. Bd3 Bg7 7. c3 d6 8. h3 O-O 9. O-O Nbd7 10. Bh2 Qc7 11. a4 a6 12. Qe2 Rfe8 13. e4 e5 14. dxe5 Nxe5 15. Rfe1 Nxd3 16. Qxd3 Rad8 17. Bf4 Qc6 18. Bg5 h6 19. Bxf6 Bxf6 20. h4 h5 21. Qe3 d5 22. e5 Bg7 23. Qf4 Re7 24. c4 Qe6 25. cxd5 Rxd5 26. Nc4 Qg4 27. Qxg4 hxg4 28. Nh2 Rd4 29. Nxb6 Rxe5 30. Rxe5 Bxe5 31. Rc1 g3 32. Nf3 Bxf3 33. gxf3 Rb4 34. Nd5 gxf2+ 35. Kxf2 Rxb2+ 36. Ke3 Bd4+ 37. Kf4 Kg7 38. Nc7 Rb4 0-1

[Event "Marienbad Open-A1 2019"]
[Site "Marianske Lazne"]
[Date "2019.01.20"]
[Round "2"]
[White "Makarian, Rudik"]
[Black "Simek, Petr"]
[Result "1-0"]
[ECO "A40"]
[WhiteElo "2354"]
[BlackElo "2330"]
[Annotator "ChessBase"]
[PlyCount "93"]
[EventDate "2019.01.17"]
[EventType "tourn"]
[EventCountry "CZE"]
[SourceTitle "playchess.com"]
[Source "ChessBase"]
[SourceQuality "1"]
[TimeControl "40/5400+30:1800+30"]

1. d4 Nf6 2. c4 e6 3. g3 c5 4. dxc5 Bxc5 5. Bg2 O-O 6. Nf3 d5 7. O-O Nc6 8. cxd5 exd5 9. a3 a5 10. b3 Re8 11. Bb2 Bg4 12. Nc3 d4 13. Na4 Ba7 14. Rc1 Qd6 15. Nc3 Qe7 16. Nb5 Bb6 17. Nbxd4 Nxd4 18. Bxd4 Rad8 19. e3 Qxa3 20. Qc2 Rc8 21. Qb1 Bxd4 22. Nxd4 Qb4 23. Qd3 h6 24. h3 Bh5 25. f4 Bg6 26. f5 Bh7 27. g4 Kf8 28. e4 Red8 29. Rxc8 Rxc8 30. e5 Rc3 31. Ne6+ fxe6 32. Qd8+ Kf7 33. fxe6+ Kxe6 34. exf6 Qc5+ 35. Kh1 Rxh3+ 36. Bxh3 Be4+ 37. Bg2 Bxg2+ 38. Kxg2 Qc2+ 39. Kf3 Qxb3+ 40. Ke2 Qc4+ 41. Qd3 Qxg4+ 42. Kd2 Qb4+ 43. Qc3 Qxc3+ 44. Kxc3 gxf6 45. Rb1 Kf5 46. Kd3 Kf4 47. Ke2 1-0

[Event "Marienbad Open-A1 2019"]
[Site "Marianske Lazne"]
[Date "2019.01.20"]
[Round "2"]
[White "Ajay Krishna, S."]
[Black "Cernousek, Lukas"]
[Result "1-0"]
[ECO "A09"]
[WhiteElo "2289"]
[BlackElo "2427"]
[Annotator "ChessBase"]
[PlyCount "77"]
[EventDate "2019.01.17"]
[EventType "tourn"]
[EventCountry "CZE"]
[SourceTitle "playchess.com"]
[Source "ChessBase"]
[SourceQuality "1"]
[TimeControl "40/5400+30:1800+30"]

1. Nf3 d5 2. c4 d4 3. e3 Nc6 4. d3 e5 5. a3 a5 6. exd4 exd4 7. Qe2+ Be7 8. g3 Nf6 9. Bg2 O-O 10. O-O Re8 11. Qc2 Nd7 12. Nbd2 Nc5 13. Nb3 Ne6 14. Bd2 a4 15. Nc1 Nc5 16. Bb4 Bf5 17. Bxc5 Bxc5 18. Nd2 Qd7 19. Na2 Bf8 20. Rae1 Ne5 21. Nc1 c5 22. Nf3 Nxf3+ 23. Bxf3 Rab8 24. Rxe8 Rxe8 25. b3 Bh3 26. Bg2 Bxg2 27. Kxg2 Qc6+ 28. Kg1 axb3 29. Nxb3 Qf3 30. Qd1 Qf5 31. Nc1 h5 32. Re1 Ra8 33. a4 h4 34. Ne2 Bd6 35. gxh4 Qg4+ 36. Ng3 Qxh4 37. Qf3 Rxa4 38. Re8+ Bf8 39. Qd5 1-0

[Event "Marienbad Open-A1 2019"]
[Site "Marianske Lazne"]
[Date "2019.01.21"]
[Round "3"]
[White "Chernyshov, Konstantin"]
[Black "Rakesh Kumar Jena"]
[Result "0-1"]
[ECO "A14"]
[WhiteElo "2500"]
[BlackElo "2426"]
[Annotator "ChessBase"]
[PlyCount "82"]
[EventDate "2019.01.17"]
[EventType "tourn"]
[EventCountry "CZE"]
[SourceTitle "playchess.com"]
[Source "ChessBase"]
[SourceQuality "1"]
[TimeControl "40/5400+30:1800+30"]

1. c4 Nf6 2. g3 e6 3. Bg2 d5 4. Nf3 Be7 5. O-O O-O 6. b3 b6 7. Bb2 Bb7 8. cxd5 exd5 9. d4 Nbd7 10. Nbd2 Re8 11. Rc1 Bd6 12. Re1 a5 13. Qc2 c5 14. dxc5 bxc5 15. Nh4 Bf8 16. e4 d4 17. a4 Ne5 18. Rcd1 Ba6 19. Bf1 Bxf1 20. Kxf1 Rb8 21. Kg2 Qb6 22. Ba1 Qa6 23. Ndf3 Nxf3 24. Nxf3 Qb7 25. e5 Nd7 26. Qf5 g6 27. Qf4 Bg7 28. Kg1 Qxb3 29. Rd2 Qd5 30. Bxd4 cxd4 31. Rxd4 Qb7 32. e6 fxe6 33. Rd3 Nc5 34. Rde3 Qd5 35. Ng5 e5 36. Qg4 Rb4 37. Qe2 e4 38. h4 Rb2 39. Qf1 Bd4 40. Rd1 Rf8 41. Nh3 Nd3 0-1

[Event "Marienbad Open-A1 2019"]
[Site "Marianske Lazne"]
[Date "2019.01.21"]
[Round "3"]
[White "Cernousek, Lukas"]
[Black "Plat, Vojtech"]
[Result "1/2-1/2"]
[ECO "A41"]
[WhiteElo "2427"]
[BlackElo "2552"]
[Annotator "ChessBase"]
[PlyCount "45"]
[EventDate "2019.01.17"]
[EventType "tourn"]
[EventCountry "CZE"]
[SourceTitle "playchess.com"]
[Source "ChessBase"]
[SourceQuality "1"]
[TimeControl "40/5400+30:1800+30"]

1. d4 d6 2. Nf3 Nf6 3. c4 c6 4. g3 Bf5 5. Bg2 Nbd7 6. O-O e5 7. Nc3 Be7 8. Nh4 Bg6 9. d5 cxd5 10. Nxg6 hxg6 11. Nxd5 Nxd5 12. Qxd5 Rb8 13. Be3 b6 14. Qb5 O-O 15. b4 Nf6 16. Rfd1 Qc8 17. Rac1 Rd8 18. h3 Rd7 19. Qa4 Rc7 20. b5 Qe6 21. Kh2 e4 22. Rd4 Qe5 23. Qd1 1/2-1/2

[Event "Marienbad Open-A1 2019"]
[Site "Marianske Lazne"]
[Date "2019.01.21"]
[Round "3"]
[White "Simek, Petr"]
[Black "Ajay Krishna, S."]
[Result "1-0"]
[ECO "A58"]
[WhiteElo "2330"]
[BlackElo "2289"]
[Annotator "NA"]
[PlyCount "69"]
[EventDate "2019.01.17"]
[EventType "tourn"]
[EventCountry "CZE"]
[SourceTitle "playchess.com"]
[Source "ChessBase"]
[SourceQuality "1"]
[TimeControl "40/5400+30:1800+30"]

1. d4 Nf6 2. c4 c5 3. d5 b5 4. cxb5 a6 5. bxa6 e6 6. Nc3 {[%emt 0:00:14] A58: Benko/Volga Gambit: Lines with 5 bxa6} exd5 7. Nxd5 Nxa6 (7... Be7 8. Nf3 Nxd5 9. Qxd5 Rxa6 10. e4 Rd6 11. Qb3 Rb6 12. Qc2 O-O 13. Bc4 Nc6 {0-1 (38) Parligras,M (2645)-Nisipeanu,L (2674) Bucharest 2018}) 8. e4 Nxd5 9. Qxd5 Nc7 10. Qe5+ Ne6 11. Bc4 $146 ({Predecessor:} 11. Nf3 Bb7 12. Bd3 Be7 13. O-O O-O {½-½ (32) Amico,R (2393)-Acevedo Villalba,A (2558) ICCF email 2012}) 11... Be7 12. Ne2 O-O 13. O-O Bb7 14. Rd1 Ra4 15. Bd5 Bf6 16. Qf5 Ba6 17. Nc3 Nd4 18. Qg4 Rb4 19. Rb1 Ne6 20. Be3 Qb8 21. Bb3 $1 Be5 22. Nd5 Rb7 23. f4 Bd4 24. Bxd4 Nxd4 25. Ne7+ Kh8 26. Nf5 Nxf5 27. Qxf5 Rb6 $2 (27... c4 $14 28. Bc2 Rxb2) 28. Qxc5 Rf6 29. Rxd7 Rxf4 30. Qd6 Rxe4 31. Qxa6 Qe8 32. Rbd1 h5 33. R7d5 f5 34. Rd6 Qe5 35. Rh6+ 1-0

[Event "Marienbad Open-A1 2019"]
[Site "Marianske Lazne"]
[Date "2019.01.21"]
[Round "3"]
[White "Oboladze, Luka"]
[Black "Makarian, Rudik"]
[Result "0-1"]
[ECO "E17"]
[WhiteElo "2295"]
[BlackElo "2354"]
[Annotator "NA"]
[PlyCount "56"]
[EventDate "2019.01.17"]
[EventType "tourn"]
[EventCountry "CZE"]
[SourceTitle "playchess.com"]
[Source "ChessBase"]
[SourceQuality "1"]
[TimeControl "40/5400+30:1800+30"]

1. d4 Nf6 2. c4 e6 3. Nf3 b6 4. g3 Bb7 5. Bg2 Be7 6. O-O O-O 7. Re1 d5 8. cxd5 exd5 9. Nc3 Na6 10. Ne5 {[%emt 0:00:52] LiveBook: 46 Games} c5 11. Bf4 Ne4 {[%emt 0:01:05] E17: Queen's Indian: 4 g3 Bb7 5 Bg2 Be7} 12. Qa4 $146 ({Predecessor:} 12. dxc5 Bxc5 13. Nxe4 dxe4 14. Nd7 Re8 15. Nxc5 Nxc5 16. Be3 Qe7 17. Rc1 Rac8 18. Qd2 Qe6 19. b3 {½-½ (31) Ju,W (2567)-Kosteniuk,A (2557) Huaian 2017}) 12... Qe8 13. Qxe8 Rfxe8 14. Nb5 cxd4 15. Nd3 Bf6 16. h4 Bc6 17. a4 Nec5 18. Bd6 {[%emt 0:05:02] [#]} Nxa4 $1 19. Nc7 Nxc7 20. Bxc7 Rac8 21. Nb4 Rxc7 22. Nxc6 Rxc6 23. Rxa4 d3 24. Bxd5 d2 25. Rd1 Rc1 26. Bb3 Rxe2 $19 27. Rxa7 h5 28. Bxf7+ Kh7 0-1

[Event "Marienbad Open-A1 2019"]
[Site "Marianske Lazne"]
[Date "2019.01.22"]
[Round "4"]
[White "Ajay Krishna, S."]
[Black "Oboladze, Luka"]
[Result "0-1"]
[ECO "A04"]
[WhiteElo "2289"]
[BlackElo "2295"]
[Annotator "NA"]
[PlyCount "118"]
[EventDate "2019.01.17"]
[EventType "tourn"]
[EventCountry "CZE"]
[SourceTitle "playchess.com"]
[Source "ChessBase"]
[SourceQuality "1"]
[TimeControl "40/5400+30:1800+30"]

1. Nf3 c5 2. c4 Nc6 3. Nc3 g6 4. e3 Nf6 5. d4 cxd4 6. exd4 d5 7. cxd5 Nxd5 8. Qb3 Nxc3 9. Bc4 e6 10. bxc3 Bg7 11. Ba3 Bf8 12. Bxf8 Kxf8 13. O-O {[%emt 0:00:25] A35: Symmetrical English: 2 Nc3 Nc6 3 Nf3} (13. Bd3 b6 14. Be4 Bb7 15. O-O Kg7 16. Qb5 Rc8 17. Rad1 Re8 18. c4 Na5 19. Bxb7 Nxb7 20. c5 Re7 {1-0 (81) Grachev,B (2680)-Khismatullin,D (2664) Tyumen 2012}) 13... Kg7 14. Qb2 b6 15. Rfe1 Bb7 {[%emt 0:02:06] [#]} 16. Bf1 $146 ({Predecessor:} 16. Rad1 Qf6 17. Nd2 Ne7 18. Bd3 Rab8 19. Ne4 Bxe4 20. Bxe4 Rbc8 {1-0 (33) Strikovic,A (2557)-Lopez,J (2271) Marrakesh 2010}) 16... Qf6 17. a4 Rhc8 18. c4 Rc7 19. Ne5 Rd8 20. Rad1 Nxe5 21. dxe5 Qg5 22. Rd6 Rdc8 23. a5 bxa5 24. Qb5 a6 25. Qb6 a4 26. Rd3 Ba8 27. Rg3 Qd2 28. Rge3 a5 29. R3e2 Qb4 30. Qe3 Rxc4 31. Qg5 Rf4 32. Re3 h6 33. Qg3 Rg4 34. Qh3 Rh4 35. Qg3 Qf4 36. Ra3 Qxg3 37. hxg3 Rb4 38. Rea1 Rc5 39. f4 Bc6 40. Be2 g5 41. Rf1 Rb3 42. Ra2 Rxg3 43. Bh5 Be8 44. f5 exf5 45. Re1 Rgc3 46. e6 Rc1 47. Rae2 Rxe1+ 48. Rxe1 Kf6 49. Kf2 Rc2+ $19 50. Kg3 Rc6 51. exf7 Bxf7 52. Bxf7 Kxf7 53. Re5 f4+ 54. Kg4 Ra6 55. Rc5 a3 56. Rc3 a2 57. Ra3 a4 58. Rxa2 a3 59. Kh5 Kg7 0-1

[Event "Marienbad Open-A1 2019"]
[Site "Marianske Lazne"]
[Date "2019.01.22"]
[Round "5"]
[White "Chernyshov, Konstantin"]
[Black "Ajay Krishna, S."]
[Result "1-0"]
[ECO "A45"]
[WhiteElo "2500"]
[BlackElo "2289"]
[Annotator "RC"]
[PlyCount "91"]
[EventDate "2019.01.17"]
[EventType "tourn"]
[EventCountry "CZE"]
[SourceTitle "playchess.com"]
[Source "ChessBase"]
[SourceQuality "1"]
[TimeControl "40/5400+30:1800+30"]

1. d4 Nf6 2. Bg5 Ne4 3. Bf4 c5 4. f3 Qa5+ 5. c3 Nf6 6. Nd2 cxd4 7. Nc4 Qd5 8. cxd4 Nc6 9. e3 Nh5 10. Be5 Nxe5 11. dxe5 Qxd1+ 12. Rxd1 g6 13. f4 Ng7 14. Be2 f6 15. exf6 exf6 16. Bf3 Rb8 17. Ne2 Bc5 18. Nc3 O-O 19. Nd5 b5 20. Na5 a6 21. b4 Ba7 22. g4 Kh8 23. h4 Bb6 24. Kf2 Ne6 25. Rd2 Nc7 26. Nxb6 Rxb6 27. Rc1 Ne6 28. Rdc2 Rb8 29. Bd5 d6 30. Nc6 Rb6 31. Nd4 Nxf4 32. Rxc8 Nd3+ 33. Kg3 Rb8 34. Rxb8 Rxb8 35. Rb1 Rc8 36. Nc6 f5 37. gxf5 gxf5 38. Rd1 Ne5 39. Nxe5 dxe5 40. Bb3 Rc3 41. Kf2 Kg7 42. Rd5 Kf6 43. Rd6+ Kg7 44. h5 e4 45. h6+ Kf8 46. Rf6+ 1-0

[Event "Marienbad Open-A1 2019"]
[Site "Marianske Lazne"]
[Date "2019.01.22"]
[Round "5"]
[White "Gumularz, Szymon"]
[Black "Rakesh Kumar Jena"]
[Result "1-0"]
[ECO "B90"]
[WhiteElo "2475"]
[BlackElo "2426"]
[Annotator "ChessBase"]
[PlyCount "97"]
[EventDate "2019.01.17"]
[EventType "tourn"]
[EventCountry "CZE"]
[SourceTitle "playchess.com"]
[Source "ChessBase"]
[SourceQuality "1"]
[TimeControl "40/5400+30:1800+30"]

1. e4 c5 2. Nf3 d6 3. d4 cxd4 4. Nxd4 Nf6 5. Nc3 a6 6. h3 g6 7. g4 Bg7 8. Bg2 O-O 9. Be3 Nc6 10. Qd2 Bd7 11. O-O-O b5 12. Kb1 b4 13. Nd5 Rb8 14. Nxc6 Bxc6 15. Bd4 Bxd5 16. exd5 Qa5 17. Rhe1 Rb5 18. Ka1 Rc8 19. g5 Nh5 20. Bxg7 Nxg7 21. Rxe7 Nf5 22. Re2 Qa4 23. b3 Qa3 24. Qc1 Qxc1+ 25. Rxc1 Rbc5 26. Kb2 Nd4 27. Rd2 Nb5 28. Bf1 Nc3 29. Bc4 Ra5 30. Ra1 Na4+ 31. Kc1 Nb6 32. Rd4 Nxc4 33. Rxc4 Re8 34. Rxb4 Rxd5 35. f4 Rc5 36. Rd4 Re1+ 37. Kb2 Re2 38. Rc1 d5 39. b4 Rb5 40. a4 Rb8 41. Kb3 Re3+ 42. c3 Rxh3 43. Rxd5 Rf3 44. Rcd1 Rxf4 45. Rd8+ Rxd8 46. Rxd8+ Kg7 47. b5 axb5 48. axb5 Rf5 49. c4 1-0

[Event "Marienbad Open-A1 2019"]
[Site "Marianske Lazne"]
[Date "2019.01.22"]
[Round "5"]
[White "Simek, Petr"]
[Black "Plat, Vojtech"]
[Result "1/2-1/2"]
[ECO "D71"]
[WhiteElo "2330"]
[BlackElo "2552"]
[Annotator "RC"]
[PlyCount "46"]
[EventDate "2019.01.17"]
[EventType "tourn"]
[EventCountry "CZE"]
[SourceTitle "playchess.com"]
[Source "ChessBase"]
[SourceQuality "1"]
[TimeControl "40/5400+30:1800+30"]

1. d4 Nf6 2. c4 g6 3. g3 Bg7 4. Bg2 d5 5. cxd5 Nxd5 6. Nf3 Nb6 7. Nc3 Nc6 8. e3 e5 9. d5 Na5 10. O-O O-O 11. b3 e4 12. Nd4 Nxd5 13. Nxe4 b6 14. b4 Nxb4 15. Ba3 c5 16. Nxc5 bxc5 17. Bxa8 Ba6 18. Bg2 Bxf1 19. Bxf1 cxd4 20. Bxb4 Re8 21. Rc1 Nb7 22. exd4 Bxd4 23. Qf3 Nd6 1/2-1/2

[Event "Marienbad Open-A1 2019"]
[Site "Marianske Lazne"]
[Date "2019.01.22"]
[Round "5"]
[White "Oboladze, Luka"]
[Black "Cernousek, Lukas"]
[Result "1/2-1/2"]
[ECO "B13"]
[WhiteElo "2295"]
[BlackElo "2427"]
[Annotator "NA RC"]
[PlyCount "124"]
[EventDate "2019.01.17"]
[EventType "tourn"]
[EventCountry "CZE"]
[SourceTitle "playchess.com"]
[Source "ChessBase"]
[SourceQuality "1"]
[TimeControl "40/5400+30:1800+30"]

1. e4 c6 2. d4 d5 3. exd5 cxd5 4. Bd3 Nc6 5. c3 Qc7 6. h3 Nf6 7. Nf3 g6 8. Na3 Bf5 9. Nc2 Bxd3 10. Qxd3 Bg7 11. O-O O-O 12. Re1 Rfd8 13. Bg5 h6 14. Bh4 Nh5 15. Ne5 Nxe5 16. dxe5 Bxe5 17. Qe3 Bf4 18. Qxe7 g5 19. Qxc7 Bxc7 20. g4 Nf4 21. Bg3 Nxh3+ 22. Kg2 Nf4+ 23. Bxf4 Bxf4 24. Nd4 Bd6 25. Nf5 Bf8 26. Rad1 Rd7 27. Rd3 Rad8 28. Red1 f6 29. c4 d4 30. Rxd4 Rxd4 31. Rxd4 Rxd4 32. Nxd4 Bc5 33. Nb3 Bb6 34. Kf3 Kf7 35. c5 Bc7 36. Ke4 Kg6 37. Nd4 h5 38. gxh5+ Kxh5 39. b4 Kg6 40. b5 Kf7 41. Kf5 Ke7 42. c6 bxc6 43. Nxc6+ Kd6 44. Nxa7 Kc5 45. Kxf6 g4 46. a4 Kb4 47. Nc8 Kxa4 48. b6 g3 49. fxg3 Bxg3 50. Ke6 Kb5 51. Kd7 Kc5 52. b7 Bh2 53. Ne7 Kb6 54. Kc8 Bg3 55. Nf5 Bh2 56. Ne3 Kc6 57. Nc4 Bg3 58. Nb2 Bh2 59. Nd1 Bg3 60. Ne3 Bh2 61. Nf5 Kb6 62. Nd4 Bg3 1/2-1/2

[Event "Marienbad Open-A1 2019"]
[Site "Marianske Lazne"]
[Date "2019.01.23"]
[Round "6"]
[White "Simek, Petr"]
[Black "Oboladze, Luka"]
[Result "1/2-1/2"]
[ECO "A61"]
[WhiteElo "2330"]
[BlackElo "2295"]
[Annotator "NA"]
[PlyCount "106"]
[EventDate "2019.01.17"]
[EventType "tourn"]
[EventCountry "CZE"]
[SourceTitle "playchess.com"]
[Source "ChessBase"]
[SourceQuality "1"]
[TimeControl "40/5400+30:1800+30"]

1. d4 Nf6 2. c4 e6 3. Nf3 c5 4. d5 exd5 5. cxd5 d6 6. Nc3 g6 7. Nd2 Bg7 8. e4 O-O 9. Be2 Na6 10. O-O Nc7 11. a4 Re8 12. Re1 Rb8 13. h3 b6 14. Bb5 Re7 15. Nf3 Nxb5 16. axb5 Qe8 17. e5 Nd7 18. Bg5 f6 19. exf6 Nxf6 20. Rxa7 Rxe1+ 21. Qxe1 Qxe1+ 22. Nxe1 Bb7 23. Nc2 Ne8 24. Bf4 Bxc3 25. bxc3 Bxd5 26. Ne3 Rb7 27. Ra8 Bf7 28. Bxd6 Kg7 29. Be5+ Kf8 30. Bd6+ Kg7 31. Be5+ Kf8 32. f4 Ke7 33. Kf2 Nd6 34. Bxd6+ Kxd6 35. g4 Ke7 36. h4 Rd7 37. Ke2 c4 38. Rb8 Rd3 39. Rb7+ Kf8 40. Rxb6 Rxc3 41. Rc6 Rb3 42. b6 Be8 43. Rc8 Rxb6 44. Nxc4 Rc6 45. Rxc6 Bxc6 46. Ne5 Be4 47. Ke3 Bb1 48. Kd4 Ke7 49. Nc6+ Kf6 50. Kd5 h5 51. Ne5 hxg4 52. Nxg4+ Kf5 53. Ne5 Kxf4 1/2-1/2

[Event "Marienbad Open-A1 2019"]
[Site "Marianske Lazne"]
[Date "2019.01.23"]
[Round "6"]
[White "Ajay Krishna, S."]
[Black "Voloshin, Leonid"]
[Result "1/2-1/2"]
[ECO "A05"]
[WhiteElo "2289"]
[BlackElo "2381"]
[Annotator "NA"]
[PlyCount "40"]
[EventDate "2019.01.17"]
[EventType "tourn"]
[EventCountry "CZE"]
[SourceTitle "playchess.com"]
[Source "ChessBase"]
[SourceQuality "1"]
[TimeControl "40/5400+30:1800+30"]

1. Nf3 Nf6 2. c4 e6 3. g3 b6 4. Bg2 Bb7 5. O-O Be7 6. Nc3 O-O 7. Re1 d5 8. cxd5 Nxd5 9. e4 Nxc3 10. bxc3 c5 11. d4 Nd7 12. Bf4 Re8 13. h4 Bf6 14. Bg5 Bxg5 15. hxg5 Qe7 16. Qd2 cxd4 17. cxd4 Rac8 18. a4 a6 19. Qb2 Red8 20. d5 Rc4 1/2-1/2

[Event "Marienbad Open-A1 2019"]
[Site "Marianske Lazne"]
[Date "2019.01.24"]
[Round "7"]
[White "Chernyshov, Konstantin"]
[Black "Simek, Petr"]
[Result "1/2-1/2"]
[ECO "D02"]
[WhiteElo "2500"]
[BlackElo "2330"]
[Annotator "ChessBase"]
[PlyCount "107"]
[EventDate "2019.01.17"]
[EventType "tourn"]
[EventCountry "CZE"]
[SourceTitle "playchess.com"]
[Source "ChessBase"]
[SourceQuality "1"]
[TimeControl "40/5400+30:1800+30"]

1. Nf3 d5 2. d4 Nf6 3. Bf4 c5 4. e3 Nc6 5. Nc3 cxd4 6. Nxd4 a6 7. Be2 g6 8. e4 Bg7 9. e5 Nd7 10. Nxd5 Qa5+ 11. Nc3 Ndxe5 12. Nb3 Qb4 13. Qc1 Be6 14. O-O O-O 15. Re1 Bxb3 16. axb3 Rfd8 17. Ra4 Qb6 18. Re4 e6 19. Bh6 f5 20. Bxg7 Kxg7 21. Re3 Rd6 22. Na4 Qa5 23. c4 Re8 24. f4 Nd7 25. Bf3 Kf6 26. Rd1 Rxd1+ 27. Qxd1 Qc7 28. Qd2 Kf7 29. Rd3 Ndb8 30. Qe3 Nb4 31. Rd2 N8c6 32. Nc5 Re7 33. g3 b6 34. Na4 b5 35. cxb5 axb5 36. Nc3 Qa5 37. Qc5 Qa7 38. Qxa7 Nxa7 39. Rd6 Rc7 40. Rb6 Nd3 41. Be2 Nc1 42. b4 Nxe2+ 43. Nxe2 Nc8 44. Rxb5 Rc2 45. Rb7+ Kf6 46. Nd4 Rxb2 47. Nc6 Nd6 48. Rd7 Nf7 49. h4 h6 50. Rb7 g5 51. Rd7 gxf4 52. gxf4 h5 53. Rd4 Kg7 54. Rd7 1/2-1/2

[Event "Marienbad Open-A1 2019"]
[Site "Marianske Lazne"]
[Date "2019.01.24"]
[Round "7"]
[White "Gumularz, Szymon"]
[Black "Ajay Krishna, S."]
[Result "1-0"]
[ECO "B90"]
[WhiteElo "2475"]
[BlackElo "2289"]
[Annotator "ChessBase"]
[PlyCount "104"]
[EventDate "2019.01.17"]
[EventType "tourn"]
[EventCountry "CZE"]
[SourceTitle "playchess.com"]
[Source "ChessBase"]
[SourceQuality "1"]
[TimeControl "40/5400+30:1800+30"]

1. e4 c5 2. Nf3 d6 3. d4 cxd4 4. Nxd4 Nf6 5. Nc3 a6 6. h3 e5 7. Nde2 h5 8. Nd5 Nxe4 9. Be3 Nd7 10. c4 Be7 11. Qc2 Nef6 12. Nec3 Nxd5 13. Nxd5 O-O 14. Be2 Bg5 15. Bxh5 Bxe3 16. Nxe3 Nc5 17. Bf3 Ne6 18. Qd2 Nd4 19. Bd5 Rb8 20. O-O b5 21. Rad1 bxc4 22. Kh1 Be6 23. Bxe6 fxe6 24. Nxc4 Rf4 25. b3 Qe7 26. Qa5 Rbf8 27. Qxa6 Rxf2 28. Rxf2 Rxf2 29. Nxd6 Qg5 30. Qa8+ Rf8 31. Qe4 Qg3 32. Qg4 Qf2 33. Ne4 Qxa2 34. Qg6 Qxb3 35. Rd3 Qb1+ 36. Kh2 Qf1 37. Rg3 Qf7 38. Qg4 Nf5 39. Rf3 Qe8 40. Qg5 Qa8 41. Qg4 Qe8 42. Ng5 Qg6 43. h4 Nd4 44. Rxf8+ Kxf8 45. Qg3 Qf5 46. Qa3+ Kg8 47. Qa8+ Qf8 48. Qb7 Qf4+ 49. Kh3 Qf5+ 50. Kh2 Qf4+ 51. Kh3 Qf5+ 52. Kh2 Qf4+ 1-0

[Event "Marienbad Open-A1 2019"]
[Site "Marianske Lazne"]
[Date "2019.01.24"]
[Round "7"]
[White "Oboladze, Luka"]
[Black "Plat, Vojtech"]
[Result "1/2-1/2"]
[ECO "D07"]
[WhiteElo "2295"]
[BlackElo "2552"]
[Annotator "ChessBase"]
[PlyCount "109"]
[EventDate "2019.01.17"]
[EventType "tourn"]
[EventCountry "CZE"]
[SourceTitle "playchess.com"]
[Source "ChessBase"]
[SourceQuality "1"]
[TimeControl "40/5400+30:1800+30"]

1. d4 d5 2. c4 Nc6 3. Nf3 Bg4 4. cxd5 Bxf3 5. gxf3 Qxd5 6. e3 e5 7. Nc3 Bb4 8. Bd2 Bxc3 9. bxc3 exd4 10. cxd4 Nf6 11. Be2 O-O 12. Qb3 Rfe8 13. Qxd5 Nxd5 14. Rb1 Re7 15. Kf1 a6 16. Bd3 Nb6 17. Kg2 Rd8 18. Rhc1 Re6 19. Be4 g6 20. Rc5 f5 21. Bc2 Kf8 22. f4 Ke8 23. a4 Red6 24. Bb3 Nd7 25. Rc2 Nf6 26. Bc4 Rb8 27. Rcb2 Nd8 28. Bb4 Rc6 29. Ba2 Nd7 30. f3 b5 31. a5 Rf6 32. Rc2 Rc6 33. Rbc1 Rxc2+ 34. Rxc2 c5 35. dxc5 Nc6 36. Be1 Kd8 37. e4 b4 38. Bd5 Kc7 39. Rb2 Nxc5 40. Bf2 Na4 41. Rc2 Nc3 42. Be1 Nd4 43. Bxc3 bxc3 44. Rxc3+ Kd6 45. Rc4 Rb2+ 46. Kh3 Ne2 47. Rc6+ Kd7 48. Kh4 fxe4 49. Bxe4 Nxf4 50. Kg5 Ne6+ 51. Kf6 Nc7 52. Rb6 Rxh2 53. Bc6+ Kc8 54. Bb7+ Kd7 55. Bc6+ 1/2-1/2

[Event "Marienbad Open-A1 2019"]
[Site "Marianske Lazne"]
[Date "2019.01.25"]
[Round "8"]
[White "Simek, Petr"]
[Black "Voloshin, Leonid"]
[Result "0-1"]
[ECO "D30"]
[WhiteElo "2330"]
[BlackElo "2381"]
[Annotator "NA"]
[PlyCount "110"]
[EventDate "2019.01.17"]
[EventType "tourn"]
[EventCountry "CZE"]
[SourceTitle "playchess.com"]
[Source "ChessBase"]
[SourceQuality "1"]
[TimeControl "40/5400+30:1800+30"]

1. d4 d5 2. c4 e6 3. Nf3 c6 4. g3 Bd6 5. Bg2 f5 6. O-O Nf6 7. Qc2 O-O 8. Nc3 Qe7 9. Rb1 Ne4 10. b4 a6 11. a4 Bd7 12. b5 axb5 13. axb5 Nxc3 14. Qxc3 dxc4 15. b6 Be8 16. Bg5 Qf7 17. Qxc4 Nd7 18. Bf4 Bxf4 19. gxf4 Qe7 20. Rb3 Bf7 21. Qb4 Qxb4 22. Rxb4 Bh5 23. Rb2 Bxf3 24. Bxf3 Ra4 25. e3 Rfa8 26. Rfb1 Kf7 27. Kg2 Ra1 28. Rxa1 Rxa1 29. Be2 Ke7 30. Bc4 Ra4 31. Be2 Kd6 32. h4 Nf6 33. Bd1 Ra5 34. Bf3 Nd7 35. Be2 Nf6 36. Bf3 Nd5 37. Bxd5 exd5 38. Rb1 Rb5 39. Ra1 c5 40. dxc5+ Kxc5 41. Rc1+ Kxb6 42. Rc8 Rc5 43. Rg8 Rc7 44. Kf3 Kc5 45. Ke2 Kc4 46. Rf8 b5 47. Rxf5 b4 48. Rf8 b3 49. Kd2 Kb4 50. Rb8+ Ka3 51. Kd3 Rc4 52. f3 b2 53. e4 Rb4 54. Rxb4 Kxb4 55. Kc2 Ka3 0-1